 Dungeon Crawl Stone Soup version 0.18-a0-674-g00855b9 (webtiles) character file.

19856 Raultor the Cleaver (level 12, -14/165 HPs)
             Began as a Hill Orc Gladiator on Dec 6, 2015.
             Was a High Priest of Zin.
             Demolished by a catoblepas (17 damage)
             ... on level 4 of the Lair of Beasts.
             The game lasted 01:00:09 (13215 turns).

Raultor the Cleaver (Hill Orc Gladiator)           Turns: 13215, Time: 01:00:09

Health: -14/165    AC: 15    Str: 31    XL:     12   Next: 73%
Magic:  20/20      EV: 13    Int: 12    God:    Zin [*****.]
Gold:   821        SH:  0    Dex: 16    Spells: 0 memorised, 11 levels left

rFire  + . .     SeeInvis .     o - +8 frozen axe "Frostbite" {freezing cloud, *Noise +Fly rC+}
rCold  . . .     Clarity  .     x - +0 chain mail
rNeg   + . .     SustAt   .     (shield currently unavailable)
rPois  ∞         Gourm    .     c - +0 helmet
rElec  .         Spirit   .     (no cloak)
rCorr  .         Dismiss  .     E - +1 pair of gloves
rMut   .         Stasis   .     (no boots)
MR     .....                    q - amulet of regeneration {+regen, !d}
Stlth  ..........               I - ring of fire {rF+, rC-}
                                B - ring of positive energy {rN+}

@: berserking, lethally poisoned (-14 -> -14), vitalised, very quick, not
resistant to hostile enchantments, extremely unstealthy
A: no striking features
a: Recite, Vitalisation, Imprison, Sanctuary, Donate Gold, Renounce Religion,
Evoke Flight


You were on level 4 of the Lair of Beasts.
You worshipped Zin.
Zin was extremely pleased with you.
You were not hungry.

You visited 3 branches of the dungeon, and saw 17 of its levels.

You collected 969 gold pieces.
You spent 52 gold pieces at shops.
You donated 96 gold pieces to Zin.

Inventory:

Hand Weapons
 a - a +2 war axe
 o - the +8 frozen axe "Frostbite" (weapon) {freezing cloud, *Noise +Fly rC+}
   (You acquired it on level 1 of the Lair of Beasts)

   It has been specially enchanted to freeze those struck by it, causing extra
   injury to most foes and up to half again as much damage against particularly
   susceptible opponents.
   It can also slow down cold-blooded creatures.
   It protects you from cold.
   It lets you fly.
   It may make noises in combat.
 F - a +11 rapier
   (You took it off Eustachio on level 5 of the Dungeon)
Missiles
 d - 6 throwing nets {=f, !d}
Armour
 c - a +0 helmet (worn)
 l - a +0 plate armour
   (You took it off an orc warrior on level 9 of the Dungeon)
 x - a +0 chain mail (worn)
   (You found it on level 3 of the Dungeon)
 E - a +1 pair of gloves (worn)
   (You found it on level 2 of the Lair of Beasts)
Magical Staves
 R - an uncursed staff of earth
   (You found it on level 7 of the Dungeon)
Jewellery
 h - an uncursed ring of magical power {MP+9}
   (You found it on level 2 of the Dungeon)
 q - an amulet of regeneration (around neck) {+regen, !d}
   (You found it on level 2 of the Dungeon)
 A - an uncursed ring of flight {+Fly, !d}
   (You found it on level 3 of the Dungeon)
 B - a ring of positive energy (left hand) {rN+}
   (You found it on level 4 of the Dungeon)
 I - a ring of fire (right hand) {rF+, rC-}
   (You found it on level 5 of the Dungeon)
 U - an uncursed ring of positive energy {rN+}
   (You found it on level 8 of the Dungeon)
 Z - an uncursed amulet of stasis {Stasis, !d}
   (You found it on level 1 of the Lair of Beasts)
Wands
 g - a wand of slowing (22)
   (You found it on level 3 of the Lair of Beasts)
 s - a wand of slowing (6)
   (You found it on level 6 of the Dungeon)
 C - a wand of cold (1)
   (You found it on level 3 of the Lair of Beasts)
 O - a wand of lightning (5)
   (You took it off Urug on level 3 of the Lair of Beasts)
 V - a wand of disintegration (16)
   (You found it on level 4 of the Lair of Beasts)
 X - a wand of cold (2)
   (You found it on level 4 of the Lair of Beasts)
 Y - a wand of disintegration (24)
   (You took it off an orc on level 11 of the Dungeon)
Scrolls
 j - 4 scrolls of remove curse
 w - 4 scrolls of teleportation
 y - 10 scrolls of identify
 D - a scroll of immolation {!r}
 G - 2 scrolls of enchant weapon
 K - 3 scrolls of fog
 M - 2 scrolls of amnesia
 N - 2 scrolls of fear
Potions
 f - 5 potions of might
 m - 7 potions of curing
 n - a potion of brilliance
 r - 4 potions of heal wounds
 t - a potion of agility
 u - a potion of haste
 v - a potion of invisibility
 J - 3 potions of degeneration {unknown}
 P - a potion of lignification {!q}
 S - a potion of flight {unknown}
 T - 2 potions of cancellation
Books
 b - a book of Enchantments
   (You found it on level 1 of the Lair of Beasts)
Miscellaneous
 L - a crystal ball of energy
   (You found it on level 1 of the Lair of Beasts)
Comestibles
 e - 11 bread rations {@e1}
 i - 9 meat rations {@e2}
 k - 18 fruits
 p - 6 beef jerkies
 z - 15 royal jellies
 Q - 8 slices of pizza
 W - 4 chunks of flesh {@w0}


   Skills:
 + Level 11.4 Fighting
 - Level 2.4 Short Blades
 * Level 11.9 Axes
 - Level 1.7 Throwing
 + Level 10.2 Armour
 - Level 7.0 Dodging
 - Level 11.7 Invocations
 + Level 5.0 Evocations


You had 11 spell levels left.
You didn't know any spells.

Dungeon Overview and Level Annotations

Branches:
Dungeon (11/15)            Temple (1/1) D:4            Lair (5/8) D:8
  Snake (0/4) Lair:3          Orc (0/4) D:10
  Swamp: Lair:3-6    Shoals: Lair:3-6

Altars:
Ashenzari
Cheibriados
Dithmenos
Elyvilon
Fedhas
Gozag
Kikubaaqudgha
Makhleb
Nemelex Xobeh
Okawaru
Pakellas
Qazlal
Ru
Sif Muna
Trog
Vehumet
Xom
Yredelemnul
Zin
The Shining One

Shops:
D:9 *


Message History

The sheep barely misses you.
The porcupine bites you but does no damage.
The giant frog barely misses you. The spiny frog stings you!
The sheep bites you! The porcupine barely misses you.
The sheep is engulfed in freezing vapours.
You kill the sheep!
You take 26 damage, and have 71/110 hp.
MASSIVE DAMAGE!!
The giant frog hits you but does no damage.
The spiny frog stings you!!
You are poisoned.
The spiny frog poisons you! The porcupine bites you. The sheep bites you.
You climb upwards.
You feel very sick.
There is a stone staircase leading down here.
You take 23 damage, and have 48/110 hp.
MASSIVE DAMAGE!!
You slash the spiny frog! You freeze the spiny frog.
You kill the spiny frog!
You slice the giant frog!! You freeze the giant frog.
You kill the giant frog!
You slash the porcupine! You freeze the porcupine. You slice the sheep!!
You freeze the sheep!
You kill the sheep!
You feel sick. The porcupine barely misses you.
You take 1 damage, and have 47/110 hp.
You are struck by the porcupine's spines.
You slice the porcupine!! You freeze the porcupine.
You kill the porcupine!
Your Evocations skill increases to level 5!
You feel sick.
You take 2 damage, and have 45/110 hp.
You feel sick.
You see here a porcupine corpse.
You butcher the porcupine corpse.
You feel sick.
W - a chunk of flesh {@w0} You feel sick.
You take 1 damage, and have 44/110 hp.
You feel sick.
You see here a sheep corpse.
You butcher the sheep corpse.
You feel sick.
W - 5 chunks of flesh {@w0} (gained 4)
You feel sick.
You take 1 damage, and have 43/110 hp.
You feel sick.
You feel sick.
You see here a spiny frog corpse.
There is a stone staircase leading down here.
You start resting.
Eating one of 5 chunks of flesh {@w0}.
You feel sick.
You continue eating.
You feel sick.
You continue eating.
You feel sick.
A catoblepas comes into view.
A catoblepas is nearby!
Unknown command.
Zin grants you divine stamina.
The catoblepas bellows!
You now have 18/20 mp.
You are too injured to fight recklessly!
Aim: a catoblepas (chance to defeat MR: 8%)
Okay, then.
Aim: a catoblepas The bolt of cold hits the catoblepas.
Evoking this partially-identified wand wasted a few charges.
Aim: a catoblepas (moderately wounded)
The bolt of cold hits the catoblepas.
Evoking this partially-identified wand wasted a few charges.
Your skill with magical items lets you calculate the power of this device...
This wand has 2 charges left.
The catoblepas breathes a plume of calcifying dust at you.
The blast of calcifying dust hits you!
The catoblepas breathes in.
The catoblepas breathes a plume of calcifying dust at you.
The blast of calcifying dust hits you!
The catoblepas breathes a plume of calcifying dust at you.
The blast of calcifying dust hits you!
You take 7 damage, and have 40/110 hp.
Aim: a catoblepas (calcifying dust, heavily wounded)
The bolt of cold hits the catoblepas.
This wand has 1 charge left.
You hit the catoblepas but do no damage.
The catoblepas gores you!!
* * * LOW HITPOINT WARNING * * *
You take 28 damage, and have 13/110 hp.
MASSIVE DAMAGE!!
Drink which item? (? for menu, Esc to quit)
Really quaff
H - a potion of berserk rage {!q}?
A red film seems to cover your vision as you go berserk!
You feel yourself moving faster!
You feel mighty! The catoblepas gores you!!
* * * LOW HITPOINT WARNING * * *
You now have 1/165 hp.
You hit the catoblepas. You freeze the catoblepas.
The catoblepas barely misses you.
You slice the catoblepas!! You freeze the catoblepas.
The catoblepas gores you but does no damage.
MP restored: 20 You completely miss the catoblepas.
You hear the roaring winds of a snowstorm.
The catoblepas gores you!
You die...

.## #...# #............P..... ..#
##...# #.................< .##
#....# #.................. ..#
####...###..................
.#####.#....##...................
.##P........##...>...............
..##...##..####..†...............
....(..###.......................
...............Y@................
.................................
.#.#.....##..##..................
.###...########..................
.###...# #..................
..###..## ######...PP....P...
...##...# ###########.PP...###P..
...#....###.....#.#...##...###...
..#.#..#.#.......................


You could see a catoblepas.

Vanquished Creatures
  2 hydras (Lair:1)
  Erolcha (D:10)
  Urug (Lair:3)
  2 hill giants
  2 ugly things (D:11)
  A griffon (Lair:4)
  A molten gargoyle (Lair:4)
  2 black mambas
  2 spiny frogs (Lair:4)
  4 komodo dragons
  A gargoyle (D:10)
  A fire drake (Lair:4)
  A troll (D:9)
  Grinder (D:3)
  A queen bee (Lair:2)
  A wyvern (D:11)
  Sigmund (D:5)
  5 yaks
  A trapdoor spider (D:11)
  Eustachio (D:5)
  A human (D:7)
  Grum (D:8)
  3 wargs (D:10)
  8 wolves
  4 hippogriffs
  5 porcupines
  6 water moccasins
  2 sky beasts
  An ice beast (D:8)
  An eye of draining (D:11)
  5 orc warriors
  4 ogres
  2 centaurs
  3 phantoms
  A wasp (D:9)
  5 crocodiles
  Blork the orc (D:5)
  A big kobold (D:10)
  15 giant frogs
  A wyvern zombie (D:8)
  A gnoll sergeant (D:9)
  A wyvern skeleton (D:9)
  29 killer bees
  A scorpion (Lair:3)
  3 wights (D:6)
  5 crimson imps
  3 hounds
  A wasp zombie (D:7)
  2 giant frog zombies
  4 orc priests
  A centaur skeleton (D:4)
  2 centaur zombies
  A giant frog skeleton (D:4)
  7 iguanas
  3 orc wizards
  Jessica (D:2)
  2 jellies
  14 sheep
  10 worker ants
  15 adders
  15 gnolls
  36 river rats
  4 shadow imps
  An adder zombie (D:5)
  A worm (D:3)
  24 orcs
  A ball python (D:2)
  6 bats
  3 giant cockroaches
  12 hobgoblins
  10 jackals
  14 kobolds
  4 quokkas
  3 giant geckos
  A giant gecko zombie (D:9)
  7 giant newts
  9 goblins
  A quokka skeleton (D:5)
  11 rats
  A plant (D:8)
372 creatures vanquished.

Vanquished Creatures (others)
  A plant (Lair:1)
1 creature vanquished.

Grand Total: 373 creatures vanquished

Notes
Turn   | Place    | Note
--------------------------------------------------------------
     0 | D:1      | Raultor the Hill Orc Gladiator began the quest for the Orb.
     0 | D:1      | Reached XP level 1. HP: 18/18 MP: 1/1
   396 | D:1      | Reached XP level 2. HP: 25/25 MP: 2/2
   651 | D:1      | Reached XP level 3. HP: 30/30 MP: 3/3
   652 | D:1      | Reached skill level 5 in Axes
   683 | D:2      | Reached skill level 3 in Fighting
   872 | D:2      | Reached skill level 1 in Armour
   872 | D:2      | Reached XP level 4. HP: 38/38 MP: 4/4
  1104 | D:2      | Reached skill level 6 in Axes
  1285 | D:2      | Noticed Jessica
  1290 | D:2      | Killed Jessica
  1290 | D:2      | Reached XP level 5. HP: 40/45 MP: 5/5
  1404 | D:2      | You fall through a shaft!
  1698 | D:3      | Noticed Grinder
  1832 | D:4      | Found a staircase to the Ecumenical Temple.
  1841 | Temple   | Entered the Ecumenical Temple
  1948 | Temple   | Became a worshipper of Zin the Law-Giver
  1948 | Temple   | Reached * piety under Zin
  2005 | D:3      | Killed Grinder
  2005 | D:3      | Reached skill level 4 in Fighting
  2005 | D:3      | Reached skill level 7 in Axes
  2005 | D:3      | Reached skill level 2 in Armour
  2005 | D:3      | Reached XP level 6. HP: 29/53 MP: 6/6
  2380 | D:4      | Reached skill level 3 in Armour
  2619 | D:4      | Reached skill level 8 in Axes
  2619 | D:4      | Reached XP level 7. HP: 60/60 MP: 7/7
  2713 | D:5      | Entered Level 5 of the Dungeon
  2753 | D:5      | Found a burning altar of Makhleb.
  2785 | D:5      | Reached ** piety under Zin
  2785 | D:5      | Reached skill level 5 in Fighting
  2785 | D:5      | Reached skill level 1 in Invocations
  2857 | D:5      | Noticed Eustachio
  2867 | D:5      | Killed Eustachio
  2873 | D:5      | Reached skill level 9 in Axes
  2873 | D:5      | Reached skill level 2 in Invocations
  2875 | D:5      | Reached skill level 4 in Armour
  2955 | D:5      | Reached XP level 8. HP: 54/69 MP: 9/9
  3049 | D:5      | Reached skill level 1 in Short Blades
  3049 | D:5      | Reached skill level 3 in Invocations
  3103 | D:5      | Noticed Blork the orc
  3115 | D:5      | Killed Blork the orc
  3202 | D:5      | Noticed Sigmund
  3262 | D:5      | Killed Sigmund
  3262 | D:5      | Reached skill level 6 in Fighting
  3262 | D:5      | Reached skill level 2 in Short Blades
  3395 | D:5      | Reached skill level 4 in Invocations
  3697 | D:6      | Reached skill level 5 in Armour
  3789 | D:6      | Found a blossoming altar of Fedhas.
  3906 | D:6      | Reached skill level 5 in Invocations
  3906 | D:6      | Reached XP level 9. HP: 52/78 MP: 12/12
  4289 | D:6      | Reached skill level 10 in Axes
  4468 | D:7      | Found an iron altar of Okawaru.
  4694 | D:7      | Reached *** piety under Zin
  4759 | D:7      | Reached skill level 7 in Fighting
  4993 | D:7      | Reached skill level 6 in Invocations
  5000 | D:7      | Reached skill level 6 in Armour
  5068 | D:8      | Reached skill level 3 in Dodging
  5141 | D:8      | Reached skill level 7 in Invocations
  5144 | D:8      | Noticed Grum
  5155 | D:8      | Killed Grum
  5155 | D:8      | Reached skill level 8 in Fighting
  5178 | D:8      | Found a staircase to the Lair.
  5241 | D:8      | Reached XP level 10. HP: 88/88 MP: 15/15
  5257 | D:8      | Found a sacrificial altar of Ru.
  5464 | D:8      | Reached skill level 4 in Dodging
  5575 | D:8      | Reached skill level 7 in Armour
  5795 | D:9      | You fall through a shaft for 2 floors!
  5818 | D:11     | Noticed a purple ugly thing
  5842 | D:11     | HP: 21/90 [yak (5)]
  5848 | D:11     | Reached skill level 8 in Invocations
  6048 | D:11     | Noticed a green ugly thing
  6076 | D:11     | Killed a green ugly thing
  6090 | D:11     | Killed a purple ugly thing
  6090 | D:11     | Reached skill level 9 in Fighting
  6248 | D:11     | Noticed a hill giant
  6262 | D:11     | Killed a hill giant
  6262 | D:11     | Reached skill level 8 in Armour
  6262 | D:11     | Reached skill level 5 in Dodging
  6262 | D:11     | Reached skill level 9 in Invocations
  6354 | D:11     | Noticed a green ugly thing
  6386 | D:11     | Found a stormy altar of Qazlal.
  6404 | D:10     | Entered Level 10 of the Dungeon
  6421 | D:10     | Reached **** piety under Zin
  6424 | D:10     | Noticed Erolcha
  6442 | D:10     | Killed Erolcha
  6487 | D:10     | Reached XP level 11. HP: 92/97 MP: 18/18
  6797 | D:10     | HP: 23/99 [warg (4)]
  6939 | D:10     | Found a staircase to the Orcish Mines.
  7005 | D:9      | Found Kocraim's Assorted Antiques.
  7018 | D:9      | Bought a fuming cyan potion for 16 gold pieces
  7018 | D:9      | Bought a scroll labeled DAOPSO NATAQU for 18 gold pieces
  7018 | D:9      | Bought a scroll labeled FEAZEUZ TEMUR for 18 gold pieces
  7099 | D:9      | HP: 18/99 [orc priest/divine providence (14)]
  7109 | D:9      | HP: 21/99 [gnoll/spear (4)]
  7349 | D:9      | Noticed a hill giant
  7364 | D:9      | Killed a hill giant
  7364 | D:9      | Reached skill level 10 in Fighting
  7364 | D:9      | Reached skill level 10 in Invocations
  7364 | D:9      | Reached skill level 1 in Evocations
  8022 | D:9      | Reached skill level 9 in Armour
  8443 | D:11     | Noticed a seven-headed hydra
  8563 | Lair:1   | Entered Level 1 of the Lair of Beasts
  8644 | Lair:1   | Reached skill level 2 in Evocations
  8734 | Lair:1   | Reached skill level 6 in Dodging
  8774 | Lair:1   | Noticed a four-headed hydra
  8790 | Lair:1   | Killed a four-headed hydra
  9053 | Lair:1   | Reached skill level 3 in Evocations
  9236 | Lair:1   | HP: 24/101 [komodo dragon (20)]
  9237 | Lair:1   | HP: 7/101 [komodo dragon (18)]
  9238 | Lair:1   | HP: 3/101 [komodo dragon (4)]
  9360 | Lair:1   | Noticed a five-headed hydra
  9373 | Lair:1   | Killed a five-headed hydra
  9720 | Lair:1   | Identified a scroll of acquirement
  9900 | Lair:2   | Reached XP level 12. HP: 102/108 MP: 20/20
 10013 | Lair:2   | Reached skill level 11 in Invocations
 10755 | Lair:2   | Reached skill level 11 in Fighting
 10761 | Lair:2   | Reached skill level 4 in Evocations
 10783 | Lair:2   | Reached skill level 11 in Axes
 10941 | Lair:3   | Reached ***** piety under Zin
 11160 | Lair:3   | Found a staircase to the Snake Pit.
 11812 | Lair:3   | Noticed Urug
 11831 | Lair:3   | Killed Urug
 11831 | Lair:3   | Reached skill level 10 in Armour
 12404 | Lair:4   | Reached skill level 7 in Dodging
 13026 | Lair:5   | Noticed a four-headed hydra
 13188 | Lair:4   | Reached skill level 5 in Evocations
 13203 | Lair:4   | Noticed a catoblepas
 13211 | Lair:4   | HP: 13/110 [catoblepas (29)]
 13212 | Lair:4   | HP: 1/165 [catoblepas (19)]
 13215 | Lair:4   | Demolished by a catoblepas

Vault maps used:
D:1:      dpeg_arrival_circle_labyrinth_c
D:2:      serial_forest, infiniplex_forest_end_3, infiniplex_forest_clump_small,
          infiniplex_forest_clump_diagonal, infiniplex_forest_corner_1,
          infiniplex_forest_lined_3_way, infiniplex_forest_clump_double,
          infiniplex_forest_straight_1, grunt_ministairs_7, due_unseen_surprise,
          uniq_jessica
D:3:      uniq_grinder
D:4:      minmay_temple_entry_butterflies, first_bread
D:5:      bloody_makhleb, uniq_sigmund, uniq_blork_the_orc, uniq_eustachio
D:6:      basic_altar
D:7:      minmay_opposing_rooms, okawaru_metal_pillars_1_2, solitary_fountain,
          grunt_livestock
D:8:      nicolae_ru_great_annihilating_truth, due_lair_maze_entry_diamond,
          kennysheep_generic_room_11, uniq_grum
D:9:      serial_shops, nicolae_shop_statue_plus, roderic_serpentine_path
D:10:     minmay_orc_entry_guard_dogs, kennysheep_pointless_box, uniq_erolcha
D:11:     grunt_qazlal_sundering
Temple:   kilobyte_greek_temple_18
Lair:2:   special_room, minmay_holes, lemuel_fruit_fields
Lair:3:   dummy_snake_entry, infiniplex_staircase_pool_2, grunt_megastairs_5,
          uniq_urug
Lair:5:   wad_woods_structure_01, lemuel_fruit_tree

Action                   |  1- 3 |  4- 6 |  7- 9 | 10-12 || total
-------------------------+-------+-------+-------+-------++-------
Melee: War axe           |    64 |   151 |    56 |       ||   271
       Rapier            |       |       |   242 |   519 ||   761
       Executioner's axe |       |       |       |   157 ||   157
Invok: Vitalisation      |       |       |     5 |    16 ||    21
       Recite            |       |       |     4 |     3 ||     7
Evoke: Wand              |       |       |       |     8 ||     8
  Use: Scroll            |       |       |     3 |    23 ||    26
       Potion            |       |       |       |     7 ||     7
 Stab: Invisible         |       |       |     2 |       ||     2
       Confused          |       |       |     1 |     1 ||     2
  Eat: Chunk             |       |     6 |     9 |    23 ||    38
       Pizza             |       |       |       |     1 ||     1
       Beef jerky        |       |       |       |     1 ||     1

Vault maps used:
D:1:      dpeg_arrival_circle_labyrinth_c
D:2:      serial_forest, infiniplex_forest_end_3, infiniplex_forest_clump_small,
          infiniplex_forest_clump_diagonal, infiniplex_forest_corner_1,
          infiniplex_forest_lined_3_way, infiniplex_forest_clump_double,
          infiniplex_forest_straight_1, grunt_ministairs_7, due_unseen_surprise,
          uniq_jessica
D:3:      uniq_grinder
D:4:      minmay_temple_entry_butterflies, first_bread
D:5:      bloody_makhleb, uniq_sigmund, uniq_blork_the_orc, uniq_eustachio
D:6:      basic_altar
D:7:      minmay_opposing_rooms, okawaru_metal_pillars_1_2, solitary_fountain,
          grunt_livestock
D:8:      nicolae_ru_great_annihilating_truth, due_lair_maze_entry_diamond,
          kennysheep_generic_room_11, uniq_grum
D:9:      serial_shops, nicolae_shop_statue_plus, roderic_serpentine_path
D:10:     minmay_orc_entry_guard_dogs, kennysheep_pointless_box, uniq_erolcha
D:11:     grunt_qazlal_sundering
Temple:   kilobyte_greek_temple_18
Lair:2:   special_room, minmay_holes, lemuel_fruit_fields
Lair:3:   dummy_snake_entry, infiniplex_staircase_pool_2, grunt_megastairs_5,
          uniq_urug
Lair:5:   wad_woods_structure_01, lemuel_fruit_tree

Table legend:
 A = Turns spent in this place as a percentage of turns spent in the entire game.
 B = Non-inter-level travel turns spent in this place as a percentage of non-inter-level travel turns spent in the entire game.
 C = Inter-level travel turns spent in this place as a percentage of turns spent in this place.
 D = Turns resting spent in this place as a percentage of non-inter-level travel turns spent in this place.
 E = Turns spent auto-exploring this place as a percentage of non-inter-level travel turns spent in this place.
 F = Non-inter-level travel turns spent in this place divided by the number of levels of this place that you've seen.
                   A       B       C       D       E      F
               +-------+-------+-------+-------+-------+----------------------
         Total | 100.0 | 100.0 |   0.7 |   2.1 |  13.3 | 179.5
       Dungeon |  74.2 |  74.3 |   0.5 |   1.9 |  13.1 | 206.0
        Temple |   0.7 |   0.6 |   5.0 |   0.0 |  21.1 |  19.0
          Lair |  25.2 |  25.1 |   1.0 |   2.9 |  13.6 | 153.2
               +-------+-------+-------+-------+-------+----------------------

Table legend:
 A = Kills in this place as a percentage of kills in entire the game.
 B = Kills by you in this place as a percentage of kills by you in the entire game.
 C = Kills by friends in this place as a percentage of kills by friends in the entire game.
 D = Other kills in this place as a percentage of other kills in the entire game.
 E = Experience gained in this place as a percentage of experience gained in the entire game.
 F = Experience gained in this place divided by the number of levels of this place that you have seen.
                   A       B       C       D       E      F
               +-------+-------+-------+-------+-------+----------------------
         Total | 100.0 | 100.0 |  -nan |  -nan | 100.0 | 1668.6
       Dungeon |  65.8 |  65.8 |  -nan |  -nan |  46.5 | 1199.0
          Lair |  34.2 |  34.2 |  -nan |  -nan |  53.5 | 3035.4
               +-------+-------+-------+-------+-------+----------------------
